General information
- name: BNet
- type: Ladder team game (AT/RT)
- host: Battle.net
- saver: TrickOrTrick
map: Mur'gulOasis
- players: 8
- length: 44:18
- speed: Fast
- version: 1.27 W3XP
- replay type: Public
» download(235 KB)
Players
team 1 (winner)

»
Hodoorr (
pink | 36 APM | 1468 actions | 40:13)
6 Mountain King
3 Storm Bolt
2 Bash
1 Avatar
4 Archmage
2 Summon Water Elemental
2 Brilliance Aura
2 Far Seer
1 Chain Lighting
1 Feral Spirit
1 Blademaster
1 Critical Strike
» actions
| Assign group hotkey | 18 | |
| Basic commands | 26 | |
| Build / train | 107 | |
| Enter build submenu | 24 | |
| Enter hero's abilities submenu | 13 | |
| Give item / drop item | 2 | |
| Remove unit from queue | 10 | |
| Right click | 519 | |
| Select / deselect | 402 | |
| Select group hotkey | 228 | |
| Use ability | 119 | |
1468 total
» units
| Peasant | 12 | |
| Footman | 1 | |
| Rifleman | 11 | |
| Priest | 5 | |
| Troll Headhunter/Berserker | 3 | |
| Peon | -1 | |
| Mortar Team | 8 | |
| Sorceress | 2 | |
| Shaman | 4 | |
| Troll Witch Doctor | 2 | |
47 total
» upgrades
| Gunpowder | 3 | |
| Armor | 5 | |
| Masonry | 3 | |
| Long Rifles | 1 | |
| Priest Training | 2 | |
| Ranged Weapons | 3 | |
| Fragmentation Shards | 1 | |
| Flare | 1 | |
| Sorceress Training | 2 | |
| Lumber Harvesting | 0 | |
| Shaman Training | 1 | |
22 total
» buildings
| Altar of Kings | 1 | |
| Farm | 11 | |
| Barracks | 1 | |
| Blacksmith | 1 | |
| Arcane Vault | 1 | |
| Lumber Mill | 1 | |
| Keep | 1 | |
| Scout Tower | 3 | |
| Arcane Tower | 1 | |
| Guard Tower | 2 | |
| Arcane Sanctum | 2 | |
| Castle | 1 | |
| Fortress | 1 | |
| Workshop | 1 | |
| Town Hall | 1 | |
29 total
» build order
00:13 Altar of Kings
00:23 Farm
01:03 Barracks
01:09 Farm
01:46 Blacksmith
01:59 Farm
02:34 Farm
03:03 Arcane Vault
04:07 Farm
04:12 Lumber Mill
04:30 Keep
04:39 Scout Tower
05:02 Scout Tower
05:19 Arcane Tower
05:37 Guard Tower
05:40 Farm
06:29 Farm
07:12 Arcane Sanctum
07:57 Castle
09:10 Arcane Sanctum
11:40 Fortress
12:45 Workshop
15:04 Farm
17:02 Scout Tower
17:49 Guard Tower
19:18 Farm
20:30 Farm
21:43 Farm
27:38 Town Hall
» items
| Scroll of Regeneration | 4 | |
| Scroll of Town Portal | 2 | |
| Potion of Healing | 3 | |
| Potion of Mana | 2 | |
11 total
punkmax (
yellow | 19 APM | 189 actions | 09:44)
2 Blademaster
1 Wind Walk
1 Critical Strike
» actions
| Basic commands | 1 | |
| Build / train | 31 | |
| Enter build submenu | 6 | |
| Enter hero's abilities submenu | 2 | |
| Right click | 83 | |
| Select / deselect | 46 | |
| Use ability | 20 | |
189 total
» units
| Peon | 13 | |
| Troll Headhunter/Berserker | 10 | |
23 total
» upgrades
| Pillage | 1 | |
| Troll Regeneration | 1 | |
2 total
» buildings
| Altar of Storms | 1 | |
| War Mill | 1 | |
| Orc Burrow | 6 | |
| Barracks | 1 | |
| Stronghold | 1 | |
| Watch Tower | 4 | |
14 total
» build order
00:13 Altar of Storms
00:54 War Mill
01:30 Orc Burrow
01:31 Orc Burrow
01:33 Orc Burrow
02:04 Barracks
02:57 Stronghold
05:15 Orc Burrow
05:16 Orc Burrow
05:18 Orc Burrow
08:27 Watch Tower
08:29 Watch Tower
08:31 Watch Tower
08:32 Watch Tower
TKWorthlessNigs (
red | 67 APM | 2965 actions | 44:17)
5 Archmage
2 Summon Water Elemental
3 Brilliance Aura
2 Far Seer
1 Feral Spirit
1 Chain Lighting
» actions
| Assign group hotkey | 207 | |
| Basic commands | 249 | |
| Build / train | 99 | |
| Enter build submenu | 36 | |
| Enter hero's abilities submenu | 9 | |
| Right click | 970 | |
| Select / deselect | 629 | |
| Select group hotkey | 570 | |
| Use ability | 196 | |
2965 total
» units
| Peasant | 20 | |
| Footman | 8 | |
| Sorceress | 7 | |
| Spell Breaker | 3 | |
| Troll Headhunter/Berserker | 10 | |
| Priest | 2 | |
| Spirit Walker | 4 | |
| Troll Witch Doctor | 5 | |
| Siege Engine | 2 | |
| Mortar Team | 3 | |
| Shaman | 1 | |
65 total
» upgrades
| Lumber Harvesting | 1 | |
| Sorceress Training | 2 | |
| Spirit Walker Training | 1 | |
| Witch Doctor Training | 2 | |
| Berserker Upgrade | 2 | |
| Reinforced Defenses | 1 | |
| Priest Training | 2 | |
| Control Magic | 1 | |
| Shaman Training | 1 | |
| Barrage | 1 | |
14 total
» buildings
| Altar of Kings | 1 | |
| Barracks | 1 | |
| Farm | 12 | |
| Scout Tower | 1 | |
| Arcane Tower | 1 | |
| Keep | 1 | |
| Arcane Vault | 1 | |
| Lumber Mill | 1 | |
| Arcane Sanctum | 3 | |
| Beastiary | 2 | |
| Spirit Lodge | 3 | |
| Orc Burrow | 3 | |
| Castle | 1 | |
| Watch Tower | 1 | |
| Blacksmith | 2 | |
| Workshop | 3 | |
37 total
» build order
00:06 Altar of Kings
00:13 Barracks
00:20 Farm
00:52 Farm
01:37 Farm
01:46 Scout Tower
02:16 Arcane Tower
03:17 Farm
04:22 Keep
04:59 Arcane Vault
05:01 Farm
05:12 Farm
05:42 Farm
06:29 Lumber Mill
06:44 Arcane Sanctum
06:47 Arcane Sanctum
07:12 Arcane Sanctum
10:45 Beastiary
10:47 Beastiary
10:49 Spirit Lodge
11:18 Spirit Lodge
11:20 Spirit Lodge
12:15 Orc Burrow
15:53 Castle
16:48 Watch Tower
16:49 Orc Burrow
17:00 Farm
17:01 Farm
17:23 Farm
18:32 Blacksmith
18:34 Blacksmith
19:05 Workshop
19:06 Workshop
19:07 Workshop
20:41 Farm
20:42 Farm
20:54 Orc Burrow
» items
| Scroll of Regeneration | 4 | |
| Lesser Clarity Potion | 3 | |
| Potion of Healing | 1 | |
| Scroll of Town Portal | 1 | |
9 total
TrickOrTrick (
blue | 52 APM | 2296 actions | 44:18)
6 Archmage
3 Summon Water Elemental
2 Brilliance Aura
1 Mass Teleport
» actions
| Assign group hotkey | 96 | |
| Basic commands | 299 | |
| Build / train | 81 | |
| Enter build submenu | 65 | |
| Enter hero's abilities submenu | 7 | |
| Give item / drop item | 4 | |
| Right click | 819 | |
| Select / deselect | 485 | |
| Select group hotkey | 231 | |
| Use ability | 209 | |
2296 total
» units
| Peasant | 13 | |
| Footman | 4 | |
| Gryphon Rider | 10 | |
27 total
» upgrades
| Lumber Harvesting | 2 | |
| Masonry | 3 | |
| Animal War Training | 1 | |
| Storm Hammers | 1 | |
| Swords | 3 | |
| Armor | 3 | |
| Cloud | 1 | |
14 total
» buildings
| Altar of Kings | 1 | |
| Barracks | 1 | |
| Farm | 12 | |
| Scout Tower | 40 | |
| Arcane Tower | 1 | |
| Arcane Vault | 1 | |
| Keep | 1 | |
| Lumber Mill | 2 | |
| Guard Tower | 17 | |
| Castle | 1 | |
| Gryphon Aviary | 4 | |
| Blacksmith | 2 | |
| Town Hall | 2 | |
| Workshop | 1 | |
86 total
» build order
00:37 Altar of Kings
00:50 Barracks
00:56 Farm
01:00 Farm
01:05 Farm
01:07 Farm
01:34 Scout Tower
02:11 Arcane Tower
02:14 Farm
03:09 Arcane Vault
03:44 Keep
04:33 Lumber Mill
05:06 Scout Tower
05:06 Scout Tower
05:07 Scout Tower
05:08 Scout Tower
05:45 Guard Tower
06:23 Castle
07:28 Gryphon Aviary
07:28 Gryphon Aviary
07:30 Gryphon Aviary
08:30 Farm
08:30 Farm
09:14 Farm
10:17 Blacksmith
10:21 Blacksmith
16:56 Town Hall
16:59 Workshop
17:05 Scout Tower
17:06 Scout Tower
17:06 Scout Tower
17:06 Scout Tower
17:23 Scout Tower
17:31 Scout Tower
17:33 Scout Tower
17:34 Scout Tower
17:35 Guard Tower
17:36 Guard Tower
17:37 Guard Tower
17:39 Guard Tower
17:43 Scout Tower
17:46 Scout Tower
17:48 Scout Tower
17:50 Scout Tower
18:00 Guard Tower
18:02 Guard Tower
18:11 Guard Tower
18:16 Guard Tower
19:29 Guard Tower
20:02 Gryphon Aviary
20:09 Scout Tower
20:10 Scout Tower
20:11 Scout Tower
20:11 Scout Tower
20:19 Lumber Mill
21:01 Farm
21:01 Farm
21:01 Farm
21:02 Farm
21:03 Scout Tower
21:03 Scout Tower
21:03 Scout Tower
21:04 Scout Tower
21:04 Scout Tower
22:59 Town Hall
23:01 Scout Tower
23:02 Scout Tower
23:02 Scout Tower
23:03 Scout Tower
23:04 Scout Tower
23:05 Scout Tower
23:05 Scout Tower
23:05 Scout Tower
23:06 Scout Tower
23:58 Guard Tower
24:00 Guard Tower
24:12 Guard Tower
24:12 Guard Tower
24:54 Guard Tower
25:24 Scout Tower
25:24 Scout Tower
25:25 Scout Tower
25:25 Scout Tower
25:26 Scout Tower
25:58 Guard Tower
26:01 Guard Tower
» items
| Scroll of Regeneration | 3 | |
| Mechanical Critter | 2 | |
| Staff of Sanctuary | 1 | |
| Scroll of Town Portal | 2 | |
| Potion of Healing | 1 | |
| Staff of Teleportation | 1 | |
| Periapt of Vitality | 1 | |
| Potion of Lesser Invulnerability | 1 | |
| Boots of Speed | 1 | |
13 total
team 2 (loser)

»
Dreanor (
teal | 86 APM | 1573 actions | 18:21)
4 Blademaster
2 Wind Walk
2 Critical Strike
3 Shadow Hunter
2 Hex
1 Healing Wave
» actions
| Assign group hotkey | 30 | |
| Basic commands | 62 | |
| Build / train | 55 | |
| ESC pressed | 1 | |
| Enter build submenu | 13 | |
| Enter hero's abilities submenu | 7 | |
| Remove unit from queue | 1 | |
| Right click | 573 | |
| Select / deselect | 361 | |
| Select group hotkey | 351 | |
| Use ability | 119 | |
1573 total
» units
| Peon | 7 | |
| Grunt | 3 | |
| Raider | 3 | |
| Spirit Walker | 4 | |
| Troll Batrider | 9 | |
| Troll Headhunter/Berserker | 2 | |
28 total
» upgrades
| Pillage | 1 | |
| Ensnare | 1 | |
| Spirit Walker Training | 1 | |
| Melee Weapons | 1 | |
| Reinforced Defenses | 1 | |
5 total
» buildings
| Orc Burrow | 6 | |
| Altar of Storms | 1 | |
| Barracks | 1 | |
| Voodoo Lounge | 1 | |
| Stronghold | 1 | |
| War Mill | 1 | |
| Beastiary | 1 | |
| Spirit Lodge | 1 | |
| Fortress | 1 | |
| Watch Tower | 1 | |
15 total
» build order
00:06 Orc Burrow
00:07 Altar of Storms
00:45 Barracks
01:09 Voodoo Lounge
01:51 Orc Burrow
03:09 Stronghold
04:26 War Mill
04:28 Orc Burrow
05:52 Beastiary
05:56 Spirit Lodge
06:11 Orc Burrow
10:59 Orc Burrow
12:48 Fortress
13:52 Watch Tower
16:38 Orc Burrow
» items
| Circlet of Nobility | 2 | |
| Scroll of Regeneration | 1 | |
| Boots of Speed | 1 | |
| Healing Salve | 3 | |
| Lesser Clarity Potion | 1 | |
| Potion of Lesser Invulnerability | 1 | |
| Periapt of Vitality | 1 | |
10 total
xyfnvfnxyvnyfny (
orange | 22 APM | 968 actions | 44:17)
5 Far Seer
2 Feral Spirit
3 Chain Lighting
» actions
| Assign group hotkey | 20 | |
| Basic commands | 20 | |
| Build / train | 46 | |
| Enter build submenu | 17 | |
| Enter hero's abilities submenu | 5 | |
| Give item / drop item | 1 | |
| Right click | 236 | |
| Select / deselect | 190 | |
| Select group hotkey | 388 | |
| Use ability | 45 | |
968 total
» units
| Peon | 16 | |
| Grunt | 1 | |
| Troll Headhunter/Berserker | 5 | |
| Tauren | 2 | |
| Troll Witch Doctor | 3 | |
27 total
» upgrades
| Armor | 1 | |
| Troll Regeneration | 1 | |
| Berserker Upgrade | 1 | |
| Witch Doctor Training | 2 | |
| Pulverize | 1 | |
6 total
» buildings
| Orc Burrow | 7 | |
| Barracks | 2 | |
| Altar of Storms | 1 | |
| War Mill | 2 | |
| Stronghold | 1 | |
| Fortress | 1 | |
| Watch Tower | 2 | |
| Spirit Lodge | 1 | |
| Tauren Totem | 1 | |
| Great Hall | 1 | |
19 total
» build order
00:23 Orc Burrow
00:45 Barracks
01:20 Altar of Storms
01:49 Orc Burrow
02:22 War Mill
02:27 Barracks
03:13 Stronghold
03:20 Orc Burrow
03:23 Orc Burrow
05:45 Fortress
06:40 Watch Tower
06:40 Watch Tower
07:28 Spirit Lodge
08:14 Tauren Totem
08:18 Orc Burrow
08:19 Orc Burrow
14:29 War Mill
15:04 Orc Burrow
15:49 Great Hall
» items
| Potion of Healing | 1 | |
| Healing Salve | 1 | |
| Scroll of Town Portal | 1 | |
| Potion of Lesser Invulnerability | 1 | |
| Scroll of Healing | 1 | |
5 total
InvalidCorps (
green | 60 APM | 2656 actions | 44:17)
8 Archmage
3 Summon Water Elemental
3 Brilliance Aura
1 Mass Teleport
1 Blizzard
» actions
| Assign group hotkey | 123 | |
| Basic commands | 36 | |
| Build / train | 147 | |
| Enter build submenu | 40 | |
| Enter hero's abilities submenu | 8 | |
| Give item / drop item | 6 | |
| Right click | 1045 | |
| Select / deselect | 328 | |
| Select group hotkey | 722 | |
| Use ability | 200 | |
2656 total
» units
| Peasant | 16 | |
| Footman | 5 | |
| Gryphon Rider | 8 | |
29 total
» upgrades
| Masonry | 3 | |
| Storm Hammers | 1 | |
| Swords | 3 | |
| Animal War Training | 1 | |
| Armor | 3 | |
| Lumber Harvesting | 1 | |
| Cloud | 1 | |
13 total
» buildings
| Barracks | 1 | |
| Altar of Kings | 1 | |
| Farm | 8 | |
| Lumber Mill | 1 | |
| Arcane Vault | 2 | |
| Keep | 2 | |
| Castle | 4 | |
| Scout Tower | 28 | |
| Guard Tower | 49 | |
| Gryphon Aviary | 2 | |
| Blacksmith | 1 | |
| Town Hall | 2 | |
101 total
» build order
01:18 Barracks
01:21 Altar of Kings
01:23 Farm
01:30 Farm
01:51 Farm
02:58 Lumber Mill
03:01 Farm
03:05 Arcane Vault
04:02 Keep
04:02 Keep
06:31 Castle
06:32 Castle
06:32 Castle
06:35 Scout Tower
06:36 Scout Tower
06:37 Scout Tower
06:39 Scout Tower
06:40 Scout Tower
06:41 Scout Tower
06:42 Scout Tower
07:12 Guard Tower
07:12 Guard Tower
07:12 Guard Tower
07:13 Guard Tower
07:14 Guard Tower
07:48 Guard Tower
07:48 Guard Tower
07:48 Guard Tower
07:53 Gryphon Aviary
07:54 Gryphon Aviary
07:59 Blacksmith
09:22 Farm
09:23 Farm
09:24 Farm
09:25 Farm
12:44 Town Hall
12:46 Scout Tower
12:47 Scout Tower
12:48 Scout Tower
12:48 Scout Tower
14:10 Guard Tower
14:11 Guard Tower
14:11 Guard Tower
14:14 Scout Tower
14:15 Scout Tower
14:16 Scout Tower
14:18 Scout Tower
14:20 Scout Tower
14:52 Guard Tower
16:54 Guard Tower
20:28 Scout Tower
20:29 Scout Tower
20:29 Scout Tower
20:30 Scout Tower
20:32 Scout Tower
20:37 Scout Tower
20:37 Scout Tower
20:40 Scout Tower
20:56 Guard Tower
20:56 Guard Tower
20:57 Guard Tower
20:57 Guard Tower
20:58 Guard Tower
20:58 Guard Tower
20:59 Guard Tower
21:15 Guard Tower
21:16 Guard Tower
21:16 Guard Tower
23:59 Arcane Vault
24:22 Town Hall
24:50 Scout Tower
24:51 Scout Tower
24:51 Scout Tower
24:52 Scout Tower
25:47 Guard Tower
25:47 Guard Tower
25:47 Guard Tower
25:48 Guard Tower
25:51 Guard Tower
25:52 Guard Tower
25:52 Guard Tower
25:52 Guard Tower
25:52 Guard Tower
25:53 Guard Tower
25:53 Guard Tower
25:53 Guard Tower
» items
| Staff of Teleportation | 1 | |
| Scroll of Regeneration | 9 | |
| Mechanical Critter | 5 | |
| Staff of Sanctuary | 1 | |
16 total

»
Suikoden_2 (
purple | 57 APM | 1072 actions | 18:39)
4 Archmage
1 Blizzard
2 Summon Water Elemental
1 Brilliance Aura
» actions
| Assign group hotkey | 12 | |
| Build / train | 64 | |
| Enter build submenu | 18 | |
| Enter hero's abilities submenu | 4 | |
| Remove unit from queue | 1 | |
| Right click | 478 | |
| Select / deselect | 234 | |
| Select group hotkey | 202 | |
| Use ability | 59 | |
1072 total
» units
| Peasant | 17 | |
| Footman | 12 | |
| Priest | 5 | |
| Knight | 5 | |
| Spirit Walker | 1 | |
40 total
» upgrades
| Defend | 1 | |
| Priest Training | 1 | |
| Spirit Walker Training | 1 | |
3 total
» buildings
| Altar of Kings | 1 | |
| Barracks | 2 | |
| Farm | 6 | |
| Arcane Vault | 1 | |
| Scout Tower | 3 | |
| Keep | 1 | |
| Arcane Tower | 1 | |
| Lumber Mill | 2 | |
| Blacksmith | 1 | |
| Arcane Sanctum | 1 | |
| Castle | 1 | |
| Guard Tower | 2 | |
22 total
» build order
00:07 Altar of Kings
00:16 Barracks
00:30 Farm
01:07 Farm
01:49 Farm
02:16 Arcane Vault
03:06 Farm
04:58 Scout Tower
05:47 Keep
06:15 Arcane Tower
06:25 Lumber Mill
06:30 Lumber Mill
07:01 Blacksmith
09:03 Arcane Sanctum
09:26 Castle
11:20 Scout Tower
11:52 Barracks
11:55 Guard Tower
12:21 Farm
14:55 Scout Tower
15:04 Farm
15:44 Guard Tower
» items
| Scroll of Regeneration | 4 | |
| Lesser Clarity Potion | 1 | |
| Potion of Healing | 2 | |
| Potion of Mana | 3 | |
10 total
Chat log
(00:06 / All) Hodoorr: hodo
(00:20 / All) xyfnvfnxyvnyfny: hey guys
(00:27 / All) TrickOrTrick: Hail and well met
(00:28 / Allies) punkmax: hey
(00:31 / All) xyfnvfnxyvnyfny: just bought the game I see
(00:47 / All) InvalidCorps: I just bought the game
(00:51 / All) InvalidCorps: but I'm not new, I just beat the campaign
(00:59 / All) TKWorthlessNigs: i bought the game 10 years ago after i fucked your mom
(02:56 / All) TKWorthlessNigs: tard purple
(08:58 / Allies) TKWorthlessNigs: 4 @ purple
(09:03 / Allies) TKWorthlessNigs: or 3
(09:24 / Allies) TKWorthlessNigs: push that pink or tp
(09:29 / Allies) TrickOrTrick: b
(09:33 / Allies) TrickOrTrick: b
(09:35 / Allies) TrickOrTrick: b
(09:35 / Allies) TrickOrTrick: b
(09:36 / Allies) TrickOrTrick: b
(09:37 / Allies) TrickOrTrick: bb
(09:43 / All) TrickOrTrick: yellow is good
(11:13 / Allies) TrickOrTrick: doesn't even have a shop
(17:27 / All) TrickOrTrick: keep wanting to use w for watch tower
(18:04 / All) Suikoden_2: wow green
(18:06 / All) Suikoden_2: 5k
(19:01 / All) TrickOrTrick: HOLD THE DOOR
(19:03 / All) TrickOrTrick: HOLD THE DOOR
(19:41 / All) InvalidCorps: oh fuck!
(19:41 / All) TrickOrTrick: YOU SHALL NOT PASS
(19:43 / All) InvalidCorps: I alt tab one moment
(19:47 / All) InvalidCorps: and come back and my team all left OMG
(19:55 / All) TrickOrTrick: Except for trusty orange
(20:05 / All) InvalidCorps: At least orange stands valiantly at my side
(20:09 / All) InvalidCorps: He is a warrior
(20:12 / All) TKWorthlessNigs: hu is so rigged lol
(21:16 / All) xyfnvfnxyvnyfny: thought green was towering the middle to do a power strategy otherwise I would have left
(21:30 / All) InvalidCorps: I'm doing a power strategy
(21:32 / All) InvalidCorps: power play
(22:41 / Allies) TKWorthlessNigs: wow whichever idiot grabbed yellow is worthless
(22:56 / Allies) Hodoorr: blue
(23:09 / All) TrickOrTrick: hOLD THE DOOR?
(23:16 / All) InvalidCorps: HODOR
(23:19 / All) InvalidCorps: HODOR
(23:21 / All) InvalidCorps: HOLD THE DOOR!111111
(24:52 / All) Hodoorr: afk
(25:07 / All) TrickOrTrick: HOLD THE DOOR
(25:12 / All) TrickOrTrick: HOL THE DOOR
(25:13 / All) TrickOrTrick: HODOR
(26:07 / All) TKWorthlessNigs: blue trying to save his little assbuddy green
(26:09 / All) TKWorthlessNigs: afk
(26:29 / All) TrickOrTrick: trying?
(26:49 / All) TrickOrTrick: I'm tking a worthless nig
(26:55 / All) TKWorthlessNigs: you MAY stay and kill every single building we have
(27:02 / All) TKWorthlessNigs: and give him this win if you like
(27:17 / All) TKWorthlessNigs: but you just earned the both of you free tk losses and you wasted a shitload of time when you coulda just militia tped
(27:19 / All) TrickOrTrick: Aye gladly
(27:22 / All) TKWorthlessNigs: so enjoy it
(27:25 / All) TrickOrTrick: lol
(27:30 / All) TrickOrTrick: This is ever so much more fun
(27:52 / All) TKWorthlessNigs: yes because you're some sub 50% twat who couldn't get wins otherwise tiny brain
(28:13 / All) TrickOrTrick: You seem to have put me into a LAWGIC TRAP
(28:14 / All) xyfnvfnxyvnyfny: ahaha
(28:28 / All) xyfnvfnxyvnyfny: green tk ahahaha
(28:36 / All) InvalidCorps: Ahahahaha!
(28:39 / All) InvalidCorps: AHAHAHAHA!
(28:54 / All) xyfnvfnxyvnyfny: what a waste of time
(29:18 / All) TKWorthlessNigs: yes well when you have tiny brain like orange and blue and no life this is the result
(29:24 / All) TKWorthlessNigs: im guessing they have tiny dick as well
(29:43 / All) xyfnvfnxyvnyfny: orange?
(29:48 / All) TrickOrTrick: 6 inches, that's average!
(29:54 / All) InvalidCorps: I think war3 players are closet homos
(30:02 / All) TKWorthlessNigs: maybe in tiny dick country 6 in is average
(30:02 / All) InvalidCorps: they're always telling us their gay fantasies and talking about our dicks
(30:06 / All) TrickOrTrick: SORRY PINK
(30:11 / All) TrickOrTrick: You cannot escape the long arm of the law
(30:17 / All) TKWorthlessNigs: yeah obviously this is a fantasy im saying and not a straight insult
(30:20 / All) TrickOrTrick: OH YEAH
(30:21 / All) TKWorthlessNigs: your brain to tiny to distinguish
(30:25 / All) TrickOrTrick: I forgot
(30:31 / All) TrickOrTrick: On the internet the average dick size is 8 inches
(30:35 / All) TrickOrTrick: average IQ is 135
(30:42 / All) TrickOrTrick: and the average salary is 150k
(30:45 / All) TKWorthlessNigs: on the internet, in most of the world minus asia
(30:50 / All) TKWorthlessNigs: average isnt 6
(30:56 / All) TrickOrTrick: Nope, average is 6
(31:09 / All) InvalidCorps: I thought average was more like 5.5
(31:12 / All) TKWorthlessNigs: tell yourself that if you need it
(31:14 / All) TrickOrTrick: you probably have a 4 inch cock, 9 on the net tho right
(31:33 / All) TKWorthlessNigs: nah bro, but if believing that makes you feel better about your inferior dick
(31:36 / All) TKWorthlessNigs: roll with it
(31:40 / All) TrickOrTrick: GOOGLE IT STUD
(31:51 / All) xyfnvfnxyvnyfny: i have 5.5 and asian so Im glad becuase I above avg for asian
(31:51 / All) TKWorthlessNigs: now ima alt tab while you shittards figure out which one of you will get this loss
(32:03 / All) TKWorthlessNigs: nah bro i'll let you google average dick size that's more your style
(32:08 / All) TrickOrTrick: Who says anyone gets a loss?
(32:31 / All) TrickOrTrick: You're the one that brought up cocks, playboy
(33:27 / All) TrickOrTrick: Red has too much porn on the brain
(33:46 / All) TrickOrTrick: He has no idea what real life is like
(33:58 / All) InvalidCorps: they usually have fake dicks in porn too
(33:59 / All) InvalidCorps: lawl
(34:11 / All) InvalidCorps: when they look huge
(34:14 / All) TrickOrTrick: He's in for a shock when his pizza delivery boy job doesn't pan out like he thought it would
(35:19 / All) TrickOrTrick: charge!!!!
(37:54 / All) TrickOrTrick: Game of Thrones is trash
(38:03 / All) InvalidCorps: The books are far superior
(38:07 / All) InvalidCorps: fine fantasty novels
(38:09 / All) TrickOrTrick: Indeed
(38:12 / All) InvalidCorps: the show isn't worth watching one episode
(38:24 / All) InvalidCorps: the TV show is for illiterate plebs
(38:31 / All) TrickOrTrick: Too bad fat boy would rather go to cons and interviews than finish his books
(38:49 / All) TrickOrTrick: We just giving my team the loss? I think only pink has a legit account
(38:57 / All) TrickOrTrick: what's orange stats
(38:58 / All) InvalidCorps: Yeah
(39:01 / All) InvalidCorps: standoff not worth it
(39:14 / All) InvalidCorps: not sure, fuck statsing that name
(39:23 / All) TrickOrTrick: lol
(39:32 / All) TrickOrTrick: would be funny if he was 10-0
(39:40 / All) InvalidCorps: lawl
(39:42 / All) TrickOrTrick: but I know he's a leaver
(40:20 / All) InvalidCorps: brb
(43:26 / All) InvalidCorps: back
(43:34 / All) InvalidCorps: 5 min break after this game then let's play more?
(43:50 / All) TrickOrTrick: aite 1 more game
(44:00 / All) TrickOrTrick: ANYTHING TO SAY FOR YOURSELF RED?
(44:03 / All) TrickOrTrick: THE FLOOR IS YOURS
(44:05 / All) TrickOrTrick: 10 secs
(44:08 / All) TrickOrTrick: 9
(44:09 / All) TrickOrTrick: 7
(44:11 / All) TrickOrTrick: 5
(44:13 / All) TrickOrTrick: 3